 Dungeon Crawl Stone Soup version 0.27.1-3-gb3d3a73c9e (webtiles) character file.

Game seed: 4456242038387363110

142 Crownlay the Digger (level 5, 0/28 HPs)
             Began as a Gargoyle Earth Elementalist on Oct 10, 2021.
             Slain by Ijyb (4 damage)
             ... on level 3 of the Dungeon.
             The game lasted 00:04:04 (2403 turns).

Crownlay the Digger (Gargoyle Earth Elementalist)   Turns: 2403, Time: 00:04:04

Health: 0/28       AC:  0    Str: 12    XL:     5   Next: 24%
Magic:  9/10       EV: 18    Int: 16    God:
Gold:   106        SH:  0    Dex: 15    Spells: 7/11 levels left

rFire    . . .     SeeInvis .   (weapon currently unavailable)
rCold    . . .     Faith    .   (shield currently unavailable)
rNeg     + . .     Spirit   .   (armour currently unavailable)
rPois    ∞         Reflect  .   (helmet currently unavailable)
rElec    .         Harm     .   (cloak currently unavailable)
rCorr    .         Rampage  .   (gloves currently unavailable)
Will     .....                  (boots currently unavailable)
Stlth    ++........             (no amulet)
HPRegen  0.09/turn              (ring currently unavailable)
MPRegen  0.12/turn              (ring currently unavailable)

@: bat-form, flying, very quick
A: fast, flying, no casting, sickness immunity, AC +4, tiny, negative energy
resistance 1, (electricity resistance), torment resistance 1, petrification
resistance
a: no special abilities


You were on level 3 of the Dungeon.
You were a bat.
You visited 1 branch of the dungeon, and saw 3 of its levels.

You collected 106 gold pieces.

Inventory:

Hand Weapons
 e - a +0 short sword (melded)
Missiles
 c - 15 stones
Armour
 b - a +0 robe (melded)
 k - a +0 buckler
Jewellery
 d - a ring of willpower (melded)
Scrolls
 a - a scroll of enchant weapon
 j - 2 scrolls of teleportation
Potions
 f - a potion of heal wounds {unknown}
 l - a potion of brilliance {unknown}


   Skills:
 - Level 1.5 Dodging
 - Level 2.1 Stealth
 * Level 0.3 Shields
 + Level 3.6 Spellcasting
 - Level 0.7 Transmutations
 + Level 5.4 Earth Magic


You had 7 spell levels left.
You knew the following spells:

 Your Spells              Type           Power      Damage    Failure   Level
a - Sandblast             Erth           40%        2d10      1%          1
b - Stone Arrow           Conj/Erth      22%        3d8       17%         3

Your spell library contained the following spells:

 Spells                   Type           Power      Damage    Failure   Level
 Passwall                 Tmut/Erth      10%        N/A       8%          2
 Petrify                  Tmut/Erth      12%        N/A       43%         4
 Conjure Ball Lightning   Conj/Air       1%         3x3d6     100%        6
 Discord                  Hex            1%         N/A       100%        8
 Disjunction              Tloc           1%         N/A       100%        8


Dungeon Overview and Level Annotations

Branches:
Dungeon (3/15)

Altars:

Shops:
D:2 *

Annotations:
D:3 Grinder, Ijyb


Innate Abilities, Weirdness & Mutations

You are a bat.
You are tiny and dextrous.
You move quickly.
You are flying.
Your equipment is almost entirely melded.
You are incapable of wielding weapons or throwing items.
You cannot cast spells.
You are immune to sickness and miasma.
((Your stone body is resilient. (AC +4)))
You are immune to poison.
You resist negative energy. (rN+)
((You are resistant to electric shocks. (rElec)))
You are resistant to unholy torment.
You are immune to petrification.


Message History

Ijyb is lightly wounded.
You hit Ijyb but do no damage.
Ijyb is lightly wounded.
You hear the slow rusting of a drain very nearby.
Ijyb barely misses you.
You hit Ijyb but do no damage.
Ijyb is lightly wounded.
Ijyb misses you.
You hit Ijyb but do no damage.
Ijyb is lightly wounded.
Ijyb zaps a wand.
You resist with some effort.
You hit Ijyb but do no damage.
Ijyb is lightly wounded.
Ijyb hits you with a +1 spectral club.
* * * LOW HITPOINT WARNING * * *
You feel better. Ijyb hits you with a +1 spectral club.
* * * LOW HITPOINT WARNING * * *
You can't do that in your present form.
Unknown command.
You can't do that in your present form.
Sorry, you're not good enough to have a special ability.
Unknown command.
You hit Ijyb but do no damage.
Ijyb is lightly wounded.
Ijyb zaps a wand.
You hit Ijyb but do no damage.
Ijyb is lightly wounded.
Ijyb zaps a wand.
You resist with some effort.
The now-empty wand crumbles to dust.
You hit Ijyb but do no damage.
Ijyb is lightly wounded.
Ijyb hits you with a +1 spectral club.
* * * LOW HITPOINT WARNING * * *
You barely miss Ijyb.
Ijyb is lightly wounded.
Ijyb closely misses you.
You hit Ijyb but do no damage.
Ijyb is lightly wounded.
Ijyb hits you with a +1 spectral club.
You die...

...............#
...............#
#..............#
######.........#
#.....<...# #.........#
#.........#
#.........###########*
#.........gb........5*
##.......###########.****
##.....## ***,,,,***
####### *,,,,,,,,*
*,,,,,,≈≈* *,,,≈≈≈≈≈*
*,,≈≈≈≈≈≈* *,,≈≈**+**
*,≈,≈*≈≈≈*


You could see Ijyb.

Vanquished Creatures
  A hound (D:2)
  4 gnolls (D:2)
  2 adders (D:2)
  A worm (D:3)
  A dart slug (D:1)
  11 ball pythons
  5 endoplasms
  A giant cockroach (D:2)
  5 goblins
  3 hobgoblins
  2 jackals (D:2)
  A quokka (D:1)
  5 bats
  7 frilled lizards
  4 kobolds
  2 rats (D:1)
55 creatures vanquished.

Notes
Turn   | Place    | Note
-------+----------+-------------------------------------------
     0 | D:1      | Crownlay the Gargoyle Earth Elementalist began the quest
                  | for the Orb.
     0 | D:1      | Reached XP level 1. HP: 10/10 MP: 3/3
   181 | D:1      | Reached XP level 2. HP: 14/15 MP: 1/5
   184 | D:1      | Reached skill level 4 in Earth Magic
   853 | D:1      | Reached XP level 3. HP: 19/19 MP: 6/6
   857 | D:1      | Learned a level 3 spell: Stone Arrow
  1342 | D:2      | Reached XP level 4. HP: 8/24 MP: 3/8
  1549 | D:2      | Reached skill level 5 in Earth Magic
  1731 | D:2      | Reached XP level 5. HP: 28/28 MP: 10/10
  2181 | D:2      | Found Xilireop's General Store.
  2345 | D:3      | Noticed Ijyb
  2375 | D:3      | Noticed Grinder
  2403 | D:3      | Slain by Ijyb

Illustrated notes

Levels and vault maps discovered:
D:1:      minmay_arrival_four_houses, layout_basic
D:2:      layout_loops_ring, serial_shops, shop
D:3:      layout_rooms, portal_sewer_entry_e,
          shapermc_ecumenical_altar_mp_vishouse, uniq_ijyb, uniq_grinder

Skill      XL: |  1  2  3  4 |
---------------+-------------+-----
Earth Magic    | 4 5 |  5.4
Spellcasting   | 3 |  3.6
Dodging        | |  1.5
Stealth        | |  2.1
Shields        | |  0.3
Transmutations | |  0.7

Action                   |  1- 3 |  4- 6 || total
-------------------------+-------+-------++-------
Melee: Short sword       |    44 |     9 ||    53
       Unarmed           |     3 |    28 ||    31
 Cast: Sandblast         |    30 |    28 ||    58
  Use: Scroll            |       |     4 ||     4
       Potion            |       |     1 ||     1
 Stab: Sleeping          |     2 |     3 ||     5
Armor: Robe              |    22 |     7 ||    29
Dodge: Dodged            |    38 |    23 ||    61
